 Dungeon Crawl Stone Soup version 0.26-a0-651-gb41185065b (webtiles) character file.

Game seed: 9503601927455442423

4344 tof the Skirmisher (level 10, -6/79 HPs)
             Began as a Demonspawn Gladiator on Sept 30, 2020.
             Was a Believer of Ru.
             Mangled by a hornet (11 damage)
             ... while paralysed by a hornet
             ... on level 8 of the Dungeon.
             The game lasted 00:19:24 (9876 turns).

tof the Skirmisher (Demonspawn Gladiator)           Turns: 9876, Time: 00:19:24

Health: -6/79      AC: 10    Str: 16    XL:     10   Next: 12%
Magic:  10/10      EV:  2    Int: 10    God:    Ru [**....]
Gold:   518        SH:  0    Dex: 16    Spells: 9/9 levels left

rFire    . . .     SeeInvis .   a - +0 quarterstaff
rCold    . . .     Faith    .   (shield currently unavailable)
rNeg     . . .     Spirit   .   m - +0 swamp dragon scales
rPois    +         Reflect  .   (helmet restricted)
rElec    .         Harm     .   (no cloak)
rCorr    .         Rampage  .   (no gloves)
MR       .....                  (no boots)
Stlth    +.........             (no amulet)
HPRegen  0.23/turn              B - ring of flight
MPRegen  0.12/turn              (no ring)

@: paralysed, lethally poisoned (-6 -> -8), slowed, studying 2 skills
A: antennae 2, icy blue scales 2, foul stench 1, spiny 2, rot immunity, reduced
EV 2
a: Renounce Religion, Evoke Flight


You were on level 8 of the Dungeon.
You worshipped Ru.
Ru was pleased with you.
You visited 1 branch of the dungeon, and saw 8 of its levels.

You collected 518 gold pieces.

Inventory:

Hand Weapons
 a - a +0 quarterstaff (weapon)
Missiles
 d - 4 throwing nets
 i - 48 poisoned darts (quivered)
Armour
 b - a +0 leather armour
 c - a +0 helmet
 m - +0 swamp dragon scales (worn)
Jewellery
 B - a ring of flight (left hand)
Wands
 o - a wand of iceblast (11)
 y - a wand of paralysis (4)
 C - a wand of disintegration (15)
Scrolls
 e - 3 scrolls of remove curse
 f - 7 scrolls of identify
 g - 2 scrolls of teleportation
 h - 2 scrolls of fear
 l - 2 scrolls of enchant armour
 s - a scroll of immolation {unknown}
 t - a scroll of enchant weapon {unknown}
 w - a scroll of random uselessness {unknown}
 x - a scroll of holy word {unknown}
 z - a scroll of amnesia {unknown}
 A - 2 scrolls of magic mapping {unknown}
Potions
 j - a potion of magic {unknown}
 k - 2 potions of berserk rage {unknown}
 n - a potion of lignification {unknown}
 p - 2 potions of curing {unknown}
 q - a potion of haste
 r - 2 potions of heal wounds {unknown}
 u - a potion of invisibility {unknown}
 D - a potion of mutation {unknown}
 E - 2 potions of ambrosia {unknown}
 G - 2 potions of degeneration {unknown}
 H - a potion of brilliance {unknown}
Books
 v - a manual of Shields
 F - a manual of Air Magic


   Skills:
 + Level 7.4 Fighting
 + Level 7.1 Staves
 - Level 6.1 Throwing
 + Level 2.6 Armour
 + Level 7.2 Dodging
 + Level 4.0 Air Magic


You had 9 spell levels left.
You didn't know any spells.
Your spell library was empty.

Dungeon Overview and Level Annotations

Branches:
Dungeon (8/15)             Temple (0/1) D:5
   Lair: D:8-11

Altars:
Dithmenos
Elyvilon
Gozag
Hepliaklqana
Nemelex Xobeh
Ru
Sif Muna
Vehumet
Xom
The Shining One


Innate Abilities, Weirdness & Mutations

You have a pair of antennae on your head.
You are mostly covered in icy blue scales. (AC +3)
You may emit foul miasma when damaged in melee.
You are mostly covered in sharp spines.
You are immune to rotting.
You have slow reflexes. (EV -10)


Message History

You miss the hornet. The hornet barely misses you.
The hornet completely misses you.
You barely miss the hornet.
You redirect the hornet's attack!
The hornet stings the white imp.
You miss the hornet. The hornet stings you.
You are poisoned.
The hornet stings you!
* * * LOW HITPOINT WARNING * * *
You hit the hornet but do no damage.
You feel sick. The hornet stings you.
* * * LOW HITPOINT WARNING * * *
You feel yourself slow down.
The hornet looks sick.
You closely miss the hornet.
You feel sick. The hornet stings you.
* * * LOW HITPOINT WARNING * * *
You suddenly lose the ability to move!
The hornet is struck by your spines. The hornet stings you.
* * * LOW HITPOINT WARNING * * *
You shrug off the repeated paralysis!
You feel sick. The hornet is struck by your spines. The hornet stings you!
You die...

.........#...n# z......
.........#<...# .......
.........#....# ......
.....[...'....# .....
######'###...# ...#
.........##...###...####
.........'.....#.......#
.........#.....#.......#
.........#....5y@......#
.........#.....#.......#
.........#.....#.......#
.........#.....#.......#
........#.....#.......#
.......############+##


You could see a hornet (sick) and a white imp.

Vanquished Creatures
  An ugly thing (D:7)
  Maggie (D:7)
  4 hippogriffs
  Grinder (D:4)
  Sigmund (D:3)
  3 black bears
  An ice beast (D:5)
  A necrophage (D:8)
  3 sky beasts
  3 ogres
  A phantom (D:3)
  A centaur (D:7)
  2 big kobolds
  2 bullfrogs (D:7)
  2 scorpions
  4 wights (D:8)
  3 hounds
  A jelly (D:4)
  An orc priest (D:7)
  A centaur skeleton (D:4)
  2 bullfrog skeletons (D:5)
  Jessica (D:3)
  An iguana (D:4)
  3 orc wizards
  Ijyb (D:4)
  Natasha (thrice) (D:2)
  4 worker ants
  A hound skeleton (D:4)
  A howler monkey zombie (D:5)
  2 worker ant zombies (D:6)
  8 gnolls
  10 adders
  A howler monkey skeleton (D:4)
  A river rat (D:3)
  2 shadow imps (D:5)
  A white imp (D:5)
  An ufetubus (D:4)
  An adder zombie (D:7)
  An adder skeleton (D:7)
  3 worms
  2 dart slugs
  6 leopard geckos
  13 orcs
  3 giant cockroaches
  7 goblins
  12 hobgoblins
  7 jackals
  19 kobolds
  A quokka (D:6)
  6 ball pythons
  9 bats
  4 frilled lizards
  A giant cockroach zombie (D:6)
  A leopard gecko skeleton (D:6)
  10 rats
186 creatures vanquished.

Vanquished Creatures (others)
  A steam dragon (D:6)
  A plant (D:3)
2 creatures vanquished.

Grand Total: 188 creatures vanquished

Notes
Turn   | Place    | Note
-------+----------+-------------------------------------------
     0 | D:1      | tof the Demonspawn Gladiator began the quest for the Orb.
     0 | D:1      | Reached XP level 1. HP: 16/16 MP: 1/1
   119 | D:1      | Gained mutation: You are partially covered in icy blue
                  | scales. (AC +2) [demonic ancestry]
   119 | D:1      | Reached XP level 2. HP: 16/22 MP: 2/2
  1003 | D:1      | Gained mutation: You are partially covered in sharp spines.
                  | [demonic ancestry]
  1003 | D:1      | Reached XP level 3. HP: 26/28 MP: 3/3
  1310 | D:2      | Found an opulent altar of Gozag.
  1617 | D:2      | Noticed Natasha
  1626 | D:2      | Killed Natasha
  1626 | D:2      | Gained mutation: You are immune to rotting. [demonic
                  | ancestry]
  1626 | D:2      | Reached XP level 4. HP: 16/34 MP: 4/4
  1899 | D:2      | Noticed Natasha
  1906 | D:2      | Killed Natasha
  2023 | D:2      | Noticed Natasha
  2030 | D:2      | Killed Natasha
  2159 | D:3      | Found a hazy altar of Hepliaklqana.
  2249 | D:3      | Found a glowing golden altar of the Shining One.
  2259 | D:3      | Found a radiant altar of Vehumet.
  2263 | D:3      | Reached XP level 5. HP: 41/41 MP: 5/5
  2265 | D:3      | Found a sparkling altar of Nemelex Xobeh.
  2265 | D:3      | Found a shadowy altar of Dithmenos.
  2274 | D:3      | Found a shimmering altar of Xom.
  2379 | D:3      | You fall into a shaft and drop 2 floors!
  2379 | D:5      | Entered Level 5 of the Dungeon
  2499 | D:4      | Found a shimmering blue altar of Sif Muna.
  2798 | D:4      | Noticed a phantom
  2826 | D:4      | Gained mutation: You have a pair of small antennae on your
                  | head. [demonic ancestry]
  2826 | D:4      | Reached XP level 6. HP: 17/47 MP: 6/6
  3091 | D:4      | Found a sacrificial altar of Ru.
  3109 | D:4      | Became a worshipper of Ru the Awakened
  3334 | D:4      | Noticed Ijyb
  3352 | D:4      | Killed Ijyb
  3451 | D:3      | Noticed Jessica
  3456 | D:3      | Killed Jessica
  3456 | D:3      | Gained mutation: You have a pair of antennae on your head.
                  | [demonic ancestry]
  3456 | D:3      | Reached XP level 7. HP: 48/54 MP: 7/7
  3767 | D:3      | Noticed Sigmund
  3781 | D:3      | Killed Sigmund
  4281 | D:4      | Noticed Grinder
  4419 | D:4      | Paralysed by Grinder for 3 turns
  4653 | D:4      | Killed Grinder
  4653 | D:4      | Reached skill level 5 in Fighting
  4653 | D:4      | Reached skill level 5 in Staves
  4653 | D:4      | Reached skill level 5 in Dodging
  4653 | D:4      | Gained mutation: You are mostly covered in icy blue scales.
                  | (AC +3) [demonic ancestry]
  4653 | D:4      | Reached XP level 8. HP: 62/62 MP: 8/8
  5647 | D:5      | Reached skill level 5 in Throwing
  5910 | D:5      | Found a staircase to the Ecumenical Temple.
  5914 | D:5      | Gained mutation: You have somewhat slow reflexes. (EV -5)
                  | [Ru sacrifice]
  5914 | D:5      | Reached * piety under Ru
  6133 | D:5      | Found a white marble altar of Elyvilon.
  7223 | D:6      | Gained mutation: You may emit foul miasma when damaged in
                  | melee. [demonic ancestry]
  7223 | D:6      | Reached XP level 9. HP: 61/69 MP: 9/9
  7408 | D:7      | Noticed Maggie
  7441 | D:7      | Killed Maggie
  8257 | D:7      | Reached skill level 1 in Air Magic
  8361 | D:7      | Noticed a purple ugly thing
  8890 | D:7      | Gained mutation: You have slow reflexes. (EV -10) [Ru
                  | sacrifice]
  8890 | D:7      | Reached ** piety under Ru
  8923 | D:7      | Reached skill level 1 in Armour
  9318 | D:7      | Killed a purple ugly thing
  9836 | D:8      | Gained mutation: You are mostly covered in sharp spines.
                  | [demonic ancestry]
  9836 | D:8      | Reached XP level 10. HP: 78/79 MP: 10/10
  9875 | D:8      | Paralysed by a hornet for 3 turns
  9876 | D:8      | Mangled by a hornet

Illustrated notes

Levels and vault maps discovered:
D:1:      dpeg_arrival_rooms_a, layout_loops_ring, grunt_decor_clamped,
          chequers_serial_rivers_small_a, st_stairs_5, minmay_cupped
D:2:      layout_loops_cross, grunt_gozag_breadcrumbs, uniq_natasha
D:3:      layout_loops_ring, grunt_temple_overflow_open, lemuel_doored_altar,
          tso_oasis_becter, portal_sewer_entry_e, uniq_sigmund, uniq_jessica
D:4:      layout_loops_ring, nicolae_ru_awakened_eye, tgw_sif,
          kennysheep_generic_room_7, uniq_ijyb, uniq_grinder
D:5:      layout_rooms, marbit_many_paths, minmay_temple_entry_grid,
          minmay_manual_mail
D:6:      layout_gridville
D:7:      layout_loops_corners, minmay_manual_maat, uniq_maggie
D:8:      layout_gridville, serial_shops, shop, nicolae_shop_crystal

Skill      XL: |  1  2  3  4  5  6  7  8  9 10 |
---------------+-------------------------------+-----
Throwing       | 2 3 4 5 6 |  6.1
Staves         | 3 4 5 7 |  7.1
Dodging        | 3 4 5 6 7 |  7.2
Fighting       | 3 4 5 6 7 |  7.4
Air Magic      | 3 4 |  4.0
Armour         | 2 |  2.6

Action                   |  1- 3 |  4- 6 |  7- 9 | 10-12 || total
-------------------------+-------+-------+-------+-------++-------
Melee: Quarterstaff      |   125 |   104 |   302 |    31 ||   562
Throw: Dart              |     2 |     5 |     7 |       ||    14
Invok: Sacrifice Health  |       |       |     2 |       ||     2
  Use: Scroll            |       |     4 |       |       ||     4
       Potion            |       |     1 |     1 |       ||     2
 Stab: Sleeping          |     1 |       |       |       ||     1
Armor: Leather armour    |    53 |       |       |       ||    53
       Swamp dragon scal |       |    47 |   129 |    21 ||   197
Dodge: Dodged            |   110 |    66 |   170 |    11 ||   357

Table legend: (Time is in decaauts)
 A = Elapsed time spent in this place.
 B = Non-inter-level travel time spent in this place.
 C = Inter-level travel time spent in this place.
 D = Time resting spent in this place.
 E = Time spent auto-exploring this place.
 F = Levels seen in this place.
 G = Mean time per level.
                   A        B        C        D        E       F      G
               +--------+--------+--------+--------+--------+-----+--------+
         Total |   9909 |   9608 |    301 |   3875 |   3776 |   8 | 1238.6 |
       Dungeon |   9909 |   9608 |    301 |   3875 |   3776 |   8 | 1238.6 |
               +--------+--------+--------+--------+--------+-----+--------+

Top non-repeatable levels by time:
     D:4: 1979 daAuts
     D:7: 1768 daAuts
     D:6: 1765 daAuts
     D:3: 1410 daAuts
     D:1: 1120 daAuts
     D:2: 1042 daAuts
     D:5: 681 daAuts
     D:8: 141 daAuts
